 Dungeon Crawl Stone Soup version 0.30-a0-54-g2e61a25929 (webtiles) character file.

Game seed: 11859427273249188576

1531 ytrimaz the Fighter (level 8, -20/68 HPs)
             Began as a Demonspawn Berserker on Sept 6, 2022.
             Was a Priest of Trog.
             Killed by the air
             ... invoked by Gastronok
              (34 damage)
             ... on level 8 of the Dungeon on Sept 7, 2022.
             The game lasted 00:07:46 (6554 turns).

ytrimaz the Fighter (Demonspawn Berserker)          Turns: 6554, Time: 00:07:47

Health: -20/68     AC: 11    Str: 19    XL:     8   Next: 55%
Magic:  8/8        EV:  8    Int:  9    God:    Trog [***...]
Gold:   393        SH:  0    Dex: 13    Spells: 7/7 levels left

rFire   + . .      SeeInvis .    k - +1 hand axe (venom)
rCold   . . .      Faith    .    (no shield)
rNeg    . . .      Spirit   .    j - +0 chain mail
rPois   .          Reflect  .    (no helmet)
rElec   .          Harm     .    (no cloak)
rCorr   .          Rampage  .    (no gloves)
Will    +....                    A - +2 pair of boots
Stlth   ..........               (no amulet)
HPRegen 0.21/turn                r - ring of willpower
MPRegen 0.11/turn                n - ring of protection from fire

@: no status effects
A: powered by death 1, spiny 1, sturdy frame 1, demonic touch 2
a: Renounce Religion, Berserk, Trog's Hand


You were on level 8 of the Dungeon.
You worshipped Trog.
Trog was most pleased with you.
You visited 2 branches of the dungeon, and saw 9 of its levels.

You collected 393 gold pieces.


Innate Abilities, Weirdness & Mutations

You regenerate a little health from kills.
You are partially covered in sharp spines.
Your movements are slightly less encumbered by armour. (ER -2)
Your touch may inflict irresistible damage on your foes.


   Skills:
 + Level 8.2 Fighting
 + Level 7.5 Axes
 - Level 1.7 Armour
 - Level 1.7 Dodging


You had 7 spell levels left.
You didn't know any spells.
Your spell library was empty.

Inventory:

Hand Weapons
 a - a +0 hand axe of flaming
 k - a +1 hand axe of venom (weapon)
   (You found it on level 2 of the Dungeon)
 C - a +0 vorpal war axe
   (You took it off an orc on level 8 of the Dungeon)
Missiles
 b - 6 javelins
Armour
 j - a +0 chain mail (worn)
   (You found it on level 1 of the Dungeon)
 A - a +2 pair of boots (worn)
   (You found it on level 8 of the Dungeon)
Jewellery
 n - a ring of protection from fire (right hand)
   (You took it off an orc on level 3 of the Dungeon)
 q - a ring of protection from cold
   (You found it on level 5 of the Dungeon)
 r - a ring of willpower (left hand)
   (You found it on level 3 of the Dungeon)
 t - a ring of magical power
   (You found it on level 5 of the Dungeon)
 x - a ring of resist corrosion
   (You found it on level 6 of the Dungeon)
 y - a ring of positive energy
   (You found it on level 7 of the Dungeon)
Wands
 m - a wand of flame (24) (quivered)
   (You took it off an orc on level 3 of the Dungeon)
 p - a wand of light (6)
   (You took it off Ijyb on level 3 of the Dungeon)
 D - a wand of iceblast (11)
   (You found it on level 8 of the Dungeon)
Scrolls
 d - a scroll of magic mapping
 f - a scroll of teleportation
 o - 3 scrolls of noise
 u - a scroll of brand weapon
 v - 3 scrolls of enchant armour
 w - a scroll of enchant weapon
 z - 3 scrolls of identify
Potions
 c - 2 potions of attraction
 e - 3 potions of heal wounds
 g - a potion of flight
 h - 3 potions of curing
 i - 2 potions of cancellation
 l - 2 potions of might
 s - a potion of magic
 B - a potion of resistance {unknown}

Dungeon Overview and Level Annotations

Branches:
Dungeon (8/15) Zot: 26255  Temple (1/1) D:7 Zot: 5998
   Lair: D:8-11

Altars:
Dithmenos
Fedhas
Qazlal
Ru
Xom

Shops:
D:5 !

Annotations:
D:8 5 runed translucent doors, Gastronok

#.......... ###############
######.#####.... ..............#
#.........###### ....#.........#
#.........# ### .w............#
#.........# #.. .....(......w.#
#.........## #.#
.............r####..........# #..
Y..........................######
......!.....r...@..........#.....
...........................#.###.
..!#.####...........########.# #.
..... #...........# #.###. ####
#...........# #.....
#...........# #..###
#...........# #..# #...........#
#..### #...........# #.....


You could see Gastronok, a river rat and a rat.


Message History

No target in view! ๐Ÿ˜• HP[-3]
You take 3 damage, and now have 59/68 hp.
Unknown command.
You feel sick.
You see here a water moccasin corpse. ๐Ÿ˜• HP[-2]
You take 2 damage, and now have 57/68 hp.
Unknown command.
You feel sick. ๐Ÿ˜• HP[-2]
You take 2 damage, and now have 55/68 hp.
You feel sick.
You feel sick.
You feel sick.
You feel sick.
You feel sick.
You feel sick.
You are no longer poisoned.
Key pressed, stopping explore.
Unknown command. ๐Ÿ˜• HP[+3]
You regained 3 hp, and now have 58/68 hp.
There is a stone staircase leading down here.
Key pressed, stopping explore.
You now have 393 gold pieces (gained 13).
The water moccasin hisses angrily.
Key pressed, stopping explore.
The water moccasin hisses angrily.
The killer bee buzzes angrily.
The killer bee buzzes angrily.
You hear an angry buzzing noise. x4
The killer bee buzzes angrily. x3; You hear an angry buzzing noise.
The killer bee buzzes angrily.
You hear an angry buzzing noise.
You see here a +0 dagger.
Items here: ))))) [[[.
You see here a +0 short sword.
A death yak comes into view.
The death yak bellows! ๐Ÿ˜Ž HP[+10]
Your hp is fully restored (68).
Gastronok the Ponderous comes into view.
He is wearing a +0 hat of see invisible.
Gastronok gurgles horribly!
A death yak comes into view.
The death yak gores you. ๐Ÿ˜• HP[-6]
You take 6 damage, and now have 62/68 hp.
The death yak attacks as you move away! The death yak barely misses you.
The death yak bellows!
You hear a bellow! ๐Ÿ˜• HP[+1]
You see here a +0 animal skin. ๐Ÿ˜• HP[+1]
The death yak gores you. ๐Ÿ˜• HP[-4]
You take 4 damage, and now have 60/68 hp.
The death yak attacks as you move away! The death yak gores you!! ๐Ÿ˜ฎ HP[-19]
You take 19 damage, and now have 41/68 hp.
MASSIVE DAMAGE!! (PAUSE) ๐Ÿ˜ฎ HP[+1]
The death yak attacks as you move away! The death yak gores you. ๐Ÿ˜ฎ HP[-1]
You take 1 damage, and now have 41/68 hp.
The death yak attacks as you move away! The death yak gores you!
* * * LOW HITPOINT WARNING * * *
๐Ÿ˜จ HP[-15]
You take 15 damage, and now have 26/68 hp.
MASSIVE DAMAGE!! (PAUSE)
Okay, then.
As you read the scroll of teleportation, it crumbles to dust.
You feel strangely unstable. The death yak gores you!!
* * * LOW HITPOINT WARNING * * *
๐Ÿ˜ฑ HP[-21]
You take 21 damage, and now have 5/68 hp.
MASSIVE DAMAGE!! (PAUSE)
You feel much better. The death yak gores you!
* * * LOW HITPOINT WARNING * * *
๐Ÿ˜ฑ HP[+7]
You regained 7 hp, and now have 12/68 hp.
Unknown command. ๐Ÿ˜ฑ HP[+1]
Your surroundings suddenly seem different.
A rat comes into view.
A rat is nearby!
A rat is nearby!
You are too injured to fight recklessly! ๐Ÿ˜ฑ HP[+1]
You are too injured to fight recklessly!
A river rat comes into view.
Gastronok gurgles horribly!
You are too injured to fight recklessly!
You hit the rat.
You kill the rat!
Trog accepts your kill.
A rat comes into view.
Unknown command.
Gastronok waves his eye-stalks in wide circles.
The air twists around and strikes you!!
Ouch! That really hurt!
You die...

Skill      XL: |  1  2  3  4  5  6  7  8 |
---------------+-------------------------+-----
Axes           | 3 4 5 6 7 |  7.5
Fighting       | 4 5 6 7 8 |  8.2
Armour         | |  1.7
Dodging        | |  1.7

Action                   |  1- 3 |  4- 6 |  7- 9 || total
-------------------------+-------+-------+-------++-------
Melee: Hand axe          |   106 |    82 |   118 ||   306
       Punch             |     1 |     1 |       ||     2
       Touch             |       |    20 |    28 ||    48
Invok: Berserk           |     2 |     3 |       ||     5
       Trog's Hand       |       |     2 |       ||     2
Evoke: Wand              |       |     2 |       ||     2
  Use: Scroll            |     3 |     6 |    11 ||    20
       Potion            |       |     1 |     1 ||     2
Armor: Animal skin       |    16 |       |       ||    16
       Chain mail        |    16 |    39 |    53 ||   108
       Skin              |       |    11 |       ||    11
Dodge: Dodged            |    87 |    32 |    27 ||   146

Levels and vault maps discovered:
D:1:      sevenhm_arrival_forest_fort_small_4, layout_rooms, minmay_pentomino_u4
D:2:      layout_rooms, minmay_circle_x
D:3:      layout_loops_ring, serial_bayou_pond_c, uniq_ijyb
D:4:      layout_gridville, kennysheep_generic_room_16, uniq_duvessa
D:5:      layout_cave_pools, serial_co_window_serial, co_window_paths_a,
          co_window_paths_a, co_window_corner_a, co_window_paths_a,
          co_window_of_opportunity_a, co_window_of_opportunity_b,
          co_window_cross_3, co_window_of_opportunity_c, co_window_cross_4,
          co_window_corner_b, co_window_paths_c, co_window_broadway_c,
          co_window_sun, glass_columns_c, glass_columns_a, glass_columns_a,
          glass_columns_c, glass_columns_b, nicolae_stop_n_shop_2
D:6:      layout_gridville, gammafunk_temple_overflow_statue, feat_on_display
D:7:      layout_loops_cross, minmay_temple_entry_grid
D:8:      layout_basic, dpeg_lair_monsters,
          minmay_guarded_unrand_staff_of_olgreb, uniq_gastronok
Temple:   nicolae_temple_bog_church

Notes
Turn   | Place    | Note
-------+----------+-------------------------------------------
     0 | D:1      | ytrimaz the Demonspawn Berserker began the quest for the
                  | Orb.
     0 | D:1      | Reached XP level 1. HP: 18/18 MP: 1/1
     0 | D:1      | magus.rc [v1.9.6]
   353 | D:1      | Reached skill level 3 in Axes
   359 | D:1      | Gained mutation: Your movements are slightly less
                  | encumbered by armour. (ER -2) [demonic ancestry]
   359 | D:1      | Reached XP level 2. HP: 23/24 MP: 2/2
   368 | D:1      | magus.rc [v1.9.6]
   368 | D:1      | Upgraded the game from 0.30-a0-52-g86a8295270 to
                  | 0.30-a0-54-g2e61a25929
   368 | D:1      | magus.rc [v1.9.6]
   368 | D:1      | magus.rc [v1.9.6]
   720 | D:1      | Gained mutation: You regenerate a little health from kills.
                  | [demonic ancestry]
   720 | D:1      | Reached XP level 3. HP: 30/30 MP: 3/3
   930 | D:2      | Reached ** piety under Trog
  1033 | D:2      | Identified the +5 dagger of Fucre {freeze, *Rage rElec
                  | rCorr Str+5}
  1212 | D:2      | Reached skill level 4 in Fighting
  1212 | D:2      | Gained mutation: Your touch may inflict minor irresistible
                  | damage on your foes. [demonic ancestry]
  1212 | D:2      | Reached XP level 4. HP: 37/37 MP: 4/4
  1399 | D:3      | Reached skill level 4 in Axes
  1498 | D:3      | You fall into a shaft and drop 2 floors!
  1498 | D:5      | Entered Level 5 of the Dungeon
  1582 | D:5      | Noticed a necrophage
  1592 | D:5      | Killed a necrophage
  1593 | D:5      | Gained mutation: Your touch may inflict irresistible damage
                  | on your foes. [demonic ancestry]
  1593 | D:5      | Reached XP level 5. HP: 39/43 MP: 5/5
  1619 | D:5      | Reached skill level 5 in Fighting
  1840 | D:5      | Found Egaerph's Distillery.
  1867 | D:4      | Reached XP level 6. HP: 47/51 MP: 6/6
  2085 | D:4      | Reached skill level 5 in Axes
  2578 | D:3      | Noticed Ijyb
  2596 | D:3      | Killed Ijyb
  3056 | D:4      | Noticed Duvessa
  3058 | D:4      | Noticed Dowan
  3071 | D:4      | Killed Dowan
  3074 | D:4      | Killed Duvessa
  3075 | D:4      | Reached skill level 6 in Fighting
  3075 | D:4      | Gained mutation: You are partially covered in sharp spines.
                  | [demonic ancestry]
  3075 | D:4      | Reached XP level 7. HP: 58/58 MP: 7/7
  3745 | D:5      | Identified the +3 whip of Ovost {vorpal, rF+}
  3852 | D:5      | Reached skill level 6 in Axes
  4542 | D:6      | Identified the +1 robe of Afroquf {Drain *Slow Int+3 Dex+6}
  4708 | D:6      | Reached skill level 7 in Fighting
  4708 | D:6      | Reached *** piety under Trog
  4793 | D:6      | Reached XP level 8. HP: 62/67 MP: 8/8
  5047 | D:6      | Found a shadowy altar of Dithmenos.
  5157 | D:6      | Reached skill level 7 in Axes
  5289 | D:7      | Found a staircase to the Ecumenical Temple.
  5794 | Temple   | Entered the Ecumenical Temple
  5816 | D:8      | Found a runed translucent door.
  5822 | D:8      | Found a runed translucent gate.
  5824 | D:8      | Found a runed translucent gate.
  5824 | D:8      | Found a runed translucent gate.
  5833 | D:8      | Found a runed translucent door.
  5876 | D:8      | Reached skill level 8 in Fighting
  5950 | D:8      | Found the +9 staff of Olgreb {rPoisโˆž}
  6499 | D:8      | Noticed a death yak
  6500 | D:8      | Noticed Gastronok
  6500 | D:8      | Noticed a death yak
  6543 | D:8      | HP: 5/68 [death yak (21)]
  6554 | D:8      | Killed from afar by Gastronok

Vanquished Creatures
  A water moccasin (D:8)
  Duvessa (D:4)
  A phantom (D:4)
  2 necrophages
  2 scorpions
  Dowan (D:4)
  4 jellies
  3 hounds
  2 orc priests (D:6)
  2 gnoll boudas
  Ijyb (D:3)
  4 orc wizards
  7 iguanas
  17 gnolls
  4 adders
  2 white imps (D:6)
  An ufetubus (D:4)
  A worm (D:2)
  A dart slug (D:1)
  20 orcs
  7 ball pythons
  6 endoplasms
  2 giant cockroaches
  5 goblins
  2 hobgoblins
  2 jackals (D:3)
  2 quokkas
  3 bats
  5 frilled lizards
  7 kobolds
  11 rats
129 creatures vanquished.

Vanquished Creatures (others)
  An orc (D:3)
  2 plants (D:3)
3 creatures vanquished.

Grand Total: 132 creatures vanquished

Table legend:
 A = Non-vault XP
 B = Vault XP
 C = Vault XP percentage of total XP
 D = Non-vault monster count
 E = Vault monster count
 F = Vault count percentage of total count
                 A         B        C        D         E       F
            +---------+---------+-------+---------+---------+-------
      Total |    1913 |     275 |  12.6 |     121 |       9 |   6.9
            +---------+---------+-------+---------+---------+-------
        D:1 |      34 |      14 |  29.2 |      23 |       1 |   4.2
        D:2 |      70 |       8 |  10.3 |      14 |       3 |  17.6
        D:3 |      97 |      36 |  27.1 |      18 |       1 |   5.3
        D:4 |     333 |     216 |  39.3 |      17 |       3 |  15.0
        D:5 |     286 |       0 |   0.0 |       6 |       0 |   0.0
        D:6 |     677 |       0 |   0.0 |      24 |       0 |   0.0
        D:7 |     125 |       0 |   0.0 |       4 |       0 |   0.0
        D:8 |     291 |       1 |   0.3 |      15 |       1 |   6.2
            +---------+---------+-------+---------+---------+-------

Illustrated notes

Table legend:
 A = Kills in this place as a percentage of kills in entire the game.
 B = Kills by you in this place as a percentage of kills by you in the entire game.
 C = Kills by friends in this place as a percentage of kills by friends in the entire game.
 D = Other kills in this place as a percentage of other kills in the entire game.
 E = Experience gained in this place as a percentage of experience gained in the entire game.
 F = Experience gained in this place divided by the number of levels of this place that you have seen.
                   A       B       C       D       E      F
               +-------+-------+-------+-------+-------+----------------------
         Total | 100.0 | 100.0 |   N/A | 100.0 | 100.0 | 243.1
       Dungeon | 100.0 | 100.0 |   N/A | 100.0 | 100.0 | 273.5
               +-------+-------+-------+-------+-------+----------------------

Table legend: (Time is in decaauts)
 A = Elapsed time spent in this place.
 B = Non-inter-level travel time spent in this place.
 C = Inter-level travel time spent in this place.
 D = Time resting spent in this place.
 E = Time spent auto-exploring this place.
 F = Levels seen in this place.
 G = Mean time per level.
                   A        B        C        D        E       F      G
               +--------+--------+--------+--------+--------+-----+--------+
         Total |   6617 |   6413 |    204 |    653 |   4802 |   9 |  735.2 |
       Dungeon |   6615 |   6411 |    204 |    653 |   4802 |   8 |  826.9 |
        Temple |      1 |      1 |      0 |      0 |      0 |   1 |    1.0 |
               +--------+--------+--------+--------+--------+-----+--------+

Top non-repeatable levels by time:
     D:5: 1157 daAuts
     D:4: 1074 daAuts
     D:3: 906 daAuts
     D:1: 895 daAuts
     D:8: 743 daAuts
     D:6: 709 daAuts
     D:7: 620 daAuts
     D:2: 508 daAuts
  Temple: 1 daAuts
